 Dungeon Crawl Stone Soup version 0.30-a0-381-g6ea064c7b4 (webtiles) character file.

Game seed: 7496032061815793418

2623 p00ps00p the Cleaver (level 9, -4/82 HPs)
             Began as a Hill Orc Fighter on Dec 2, 2022.
             Was an Initiate of Gozag.
             Slain by a vampire
             ... wielding a +2 vampiric halberd
              (13 damage)
             ... in a bailey.
             The game lasted 00:13:47 (6314 turns).

p00ps00p the Cleaver (Hill Orc Fighter)             Turns: 6314, Time: 00:13:48

Health: -4/82      AC: 23    Str: 23    XL:     9   Next: 60%
Magic:  9/9        EV:  8    Int: 11    God:    Gozag
Gold:   351        SH:  6    Dex: 15    Spells: 8/8 levels left

rFire   . . .      SeeInvis .    v - +9 dagger "Xuek" {venom, rPois rC+ Dex+5 Stlth+}
rCold   + . .      Faith    .    c - +0 buckler
rNeg    . . .      Spirit   .    n - +2 chain mail {rPois}
rPois   +          Reflect  .    q - +1 helmet {Int+3}
rElec   .          Harm     .    w - +0 cloak
rCorr   +          Rampage  .    u - +0 pair of gloves
Will    .....                    z - +0 pair of boots
Stlth   ..........               (no amulet)
HPRegen 0.33/turn                o - +4 ring of protection
MPRegen 0.11/turn                t - ring of resist corrosion

@: mighty, gold aura
A: no striking features
a: Renounce Religion, Potion Petition, Call Merchant, Bribe Branch


You were in a bailey.
You worshipped Gozag.
Gozag was aware of your devotion.
You visited 2 branches of the dungeon, and saw 8 of its levels.
You also visited: Bailey.

You collected 432 gold pieces.
You paid 81 gold pieces to Gozag.

Inventory:

Hand Weapons
 a - a +1 war axe
 v - the +9 dagger "Xuek" (weapon) {venom, rPois rC+ Dex+5 Stlth+}
   (You took it off an orc on level 3 of the Dungeon)

   It poisons the flesh of those it strikes.
   Dex:       It affects your dexterity (+5).
   rC:        It protects you from cold.
   rPois:     It protects you from poison.
   Stlth:     It makes you more stealthy.
Missiles
 e - 4 poisoned darts (quivered)
 C - a throwing net
Armour
 c - a +0 buckler (worn)
 n - a +2 chain mail of poison resistance (worn)
 q - a +1 helmet of intelligence (worn)
 u - a +0 pair of gloves (worn)
 w - a +0 cloak (worn)
 z - a +0 pair of boots (worn)
Jewellery
 b - a ring of protection from fire
 o - a +4 ring of protection (left hand)
 t - a ring of resist corrosion (right hand)
 B - a ring of protection from cold
Scrolls
 l - a scroll of identify
 x - 3 scrolls of poison
Potions
 f - a potion of flight
 h - 2 potions of attraction
 j - a potion of magic


   Skills:
 + Level 8.5 Fighting
 + Level 8.8 Axes
 + Level 7.7 Armour
 + Level 7.7 Shields


You had 8 spell levels left.
You didn't know any spells.
Your spell library contained the following spells:

 Spells                   Type           Power      Damage    Failure   Level
 Magic Dart               Conj           0%         1d3       95%         1
 Call Imp                 Summ           0%         N/A       99%         2
 Sublimation of Blood     Necr           0%         N/A       99%         2
 Mephitic Cloud           Conj/Pois/Air  0%         N/A       100%        3
 Ozocubu's Armour         Ice            0%         N/A       100%        3
 Petrify                  Tmut/Erth      0%         N/A       100%        4
 Irradiate                Conj/Tmut      0%         3d11      100%        5
 Metabolic Englaciation   Hex/Ice        0%         N/A       100%        5
 Simulacrum               Ice/Necr       Unusable   N/A       N/A         6

Dungeon Overview and Level Annotations

Branches:
Dungeon (7/15)             Temple (1/1) D:6          Bailey (1/1)

Altars:
Ashenzari
Cheibriados
Elyvilon
Fedhas
Gozag
Hepliaklqana
Kikubaaqudgha
Makhleb
Nemelex Xobeh
Ru
Sif Muna
Vehumet
Wu Jian
Xom
Yredelemnul
Zin
Beogh

Shops:
D:5 *


Message History

You feel very mighty all of a sudden.
The orc warrior zombie hits you but does no damage.
Something hits you.
* * * LOW HITPOINT WARNING * * *
You feel better. Something hits you but does no damage.
The orc warrior zombie hits you from afar with a +0 halberd!
* * * LOW HITPOINT WARNING * * *
You feel better. Something hits you but does no damage.
The orc warrior zombie hits you but does no damage.
You feel better. Something hits you but does no damage.
You block the orc warrior zombie's attack.
Something hits you. Something bites you but does no damage.
There is an open door here.
You puncture the orc warrior zombie!
The orc warrior zombie is moderately damaged.
The orc warrior zombie hits you but does no damage.
Something hits you. Something bites you.
Something draws strength from your injuries!
You puncture the orc warrior zombie!
The orc warrior zombie is severely damaged.
Something hits you but does no damage. Something bites you but does no damage.
The orc warrior zombie barely misses you.
You puncture the orc warrior zombie!
You destroy the orc warrior zombie!
You block something's attack. Something bites you!
* * * LOW HITPOINT WARNING * * *
Something draws strength from your injuries!
Unknown command.
You hit something. You block something's attack. Something bites you.
* * * LOW HITPOINT WARNING * * *
Something draws strength from your injuries!
You hit something but do no damage. Something hits you.
* * * LOW HITPOINT WARNING * * *
Something bites you but does no damage. Something hits you but does no damage.
Something bites you.
* * * LOW HITPOINT WARNING * * *
Something draws strength from your injuries!
You hit something. Something hits you!
You die...
Your body crumbles into a pile of gold.

♣♣....#.....♣.......
♣.....#.............
♣....##....♣...♣.♣..
♣♣....#..............
♣.....#.......♣...♣.♣
♣..8..#'####...♣♣....
♣.....#....#.........
♣♣....#....#....♣....
♣♣#@##'#))#.........
#${..#).#.........
#....####...#.....
#....'....####
#....'...##..##
#....#...#....####
#....#.(..........
####'#.....)#.....
..#8...)##...##


There were no monsters in sight!

Vanquished Creatures
  Pikel (D:6)
  A gargoyle (Bailey)
  A water moccasin (D:6)
  An ice beast (D:6)
  An ogre (D:6)
  A black bear (D:6)
  A phantom (D:5)
  2 lemures (D:6)
  6 scorpions
  The ghost of KennySheep the Shooter, a weakling DgHu (D:3)
  8 vampire bats (Bailey)
  3 wolf zombies (Bailey)
  2 hounds (D:6)
  2 jellies
  A gnoll bouda (D:5)
  An orc priest (D:3)
  An iguana (D:5)
  2 orc wizards
  4 adders
  9 gnolls (D:5)
  A shadow imp (D:5)
  2 worms (D:3)
  A dart slug (D:1)
  17 orcs
  2 endoplasms
  A giant cockroach (D:4)
  4 goblins
  8 hobgoblins
  2 jackals (D:1)
  A quokka (D:1)
  3 ball pythons
  4 bats
  2 frilled lizards
  4 kobolds
  16 orc zombies (Bailey)
  A rat (D:1)
118 creatures vanquished.

Vanquished Creatures (collateral kills)
  An ogre (D:5)
  An adder (D:5)
  An orc (D:5)
3 creatures vanquished.

Grand Total: 121 creatures vanquished

Notes
Turn   | Place    | Note
-------+----------+-------------------------------------------
     0 | D:1      | p00ps00p the Hill Orc Fighter began the quest for the Orb.
     0 | D:1      | Reached XP level 1. HP: 19/19 MP: 1/1
    78 | D:1      | Reached XP level 2. HP: 22/27 MP: 2/2
   679 | D:2      | Reached XP level 3. HP: 33/33 MP: 3/3
  1388 | D:3      | Found a runed translucent gate.
  1390 | D:3      | Found a runed translucent gate.
  1390 | D:3      | Found a runed translucent gate.
  1398 | D:3      | Noticed KennySheep's ghost (weakling DgHu)
  1401 | D:3      | Identified the +9 dagger "Xuek" {venom, rPois rC+ Dex+5
                  | Stlth+}
  1577 | D:3      | Found an opulent altar of Gozag.
  1751 | D:3      | Found a snail-covered altar of Cheibriados.
  1842 | D:3      | Found a faded altar of an unknown god.
  2211 | D:3      | Found a roughly hewn altar of Beogh.
  2231 | D:3      | Reached XP level 4. HP: 37/41 MP: 4/4
  2249 | D:3      | Killed KennySheep's ghost
  2250 | D:3      | Reached XP level 5. HP: 12/47 MP: 5/5
  3121 | D:5      | Entered Level 5 of the Dungeon
  3135 | D:5      | Reached skill level 5 in Fighting
  3135 | D:5      | Reached XP level 6. HP: 56/56 MP: 6/6
  3192 | D:5      | Reached skill level 5 in Axes
  3266 | D:5      | Reached skill level 5 in Armour
  3266 | D:5      | Reached skill level 5 in Shields
  3410 | D:5      | Reached XP level 7. HP: 53/61 MP: 7/7
  3667 | D:5      | Found Wieginnoniq's Lightly-Used Armoury.
  4212 | D:6      | Reached XP level 8. HP: 65/71 MP: 8/8
  4472 | D:6      | Found a staircase to the Ecumenical Temple.
  4496 | Temple   | Entered the Ecumenical Temple
  4496 | Temple   | Found a transporter.
  4496 | Temple   | Found a transporter.
  4513 | Temple   | Found a transporter.
  4513 | Temple   | Found a transporter.
  4658 | D:6      | Found a radiant altar of Vehumet.
  4710 | D:6      | Noticed Pikel
  4735 | D:6      | Killed Pikel
  5040 | D:6      | Reached XP level 9. HP: 68/80 MP: 9/9
  5326 | D:3      | Became a worshipper of Gozag Ym Sagoz the Greedy
  5492 | D:7      | Found a flagged portal.
  5508 | Bailey   | Entered a bailey
  5925 | Bailey   | Noticed a gargoyle
  5955 | Bailey   | Killed a gargoyle
  6154 | Bailey   | Found the +6 Majin-Bo {vamp, MP+6 Int+6}
  6314 | Bailey   | Slain by a vampire

Illustrated notes

Levels and vault maps discovered:
D:1:      dpeg_arrival_leaves_temple_mockup, layout_rooms
D:2:      layout_basic, nicolae_figureground_pulse
D:3:      layout_loops_ring, cheibrodos_worm_habitat,
          nicolae_gozag_cash_rules_everything_around_me,
          biasface_ghost_orc_armoury, chequers_ecumenical_altar_island
D:4:      layout_gridville
D:5:      layout_gridville, minmay_shop_damaged
D:6:      layout_basic, vehumet_crystals, minmay_temple_entry_large_hall,
          grunt_ministairs_5, uniq_pikel
D:7:      layout_gridville, amcnicky_altar_gilded, enter_bailey_1,
          nicolae_shop_vocational, uniq_maggie
Temple:   hellmonk_temple_divided_pantheon
Bailey:   bailey_polearm_vampire_castle_hellmonk, bailey

Skill      XL: |  1  2  3  4  5  6  7  8  9 |
---------------+----------------------------+-----
Axes           | 3 4 5 6 7 8 |  8.8
Fighting       | 4 5 6 7 8 |  8.5
Shields        | 4 5 7 |  7.7
Armour         | 4 5 7 |  7.7

Action                   |  1- 3 |  4- 6 |  7- 9 || total
-------------------------+-------+-------+-------++-------
Melee: War axe           |    67 |    16 |       ||    83
       Dagger            |       |    28 |   302 ||   330
Throw: Dart              |       |       |     2 ||     2
Evoke: Wand              |       |       |     6 ||     6
  Use: Scroll            |     5 |     8 |     5 ||    18
       Potion            |       |       |    12 ||    12
 Stab: Distracted        |       |       |     1 ||     1
Armor: Scale mail        |    23 |    25 |     9 ||    57
       Chain mail        |    26 |       |   262 ||   288
       Skin              |       |       |     8 ||     8
Dodge: Dodged            |    31 |    17 |   175 ||   223
Block: Buckler           |    23 |    12 |   127 ||   162

Table legend: (Time is in decaauts)
 A = Elapsed time spent in this place.
 B = Non-inter-level travel time spent in this place.
 C = Inter-level travel time spent in this place.
 D = Time resting spent in this place.
 E = Time spent auto-exploring this place.
 F = Levels seen in this place.
 G = Mean time per level.
                   A        B        C        D        E       F      G
               +--------+--------+--------+--------+--------+-----+--------+
         Total |   6359 |   5821 |    538 |    355 |   4052 |   9 |  706.6 |
       Dungeon |   5507 |   4979 |    528 |     29 |   3926 |   7 |  786.7 |
        Temple |     55 |     45 |     10 |      0 |     16 |   1 |   55.0 |
        Bailey |    796 |    796 |      0 |    326 |    110 |   1 |  796.0 |
               +--------+--------+--------+--------+--------+-----+--------+

Top non-repeatable levels by time:
     D:3: 1329 daAuts
     D:5: 1108 daAuts
     D:6: 1042 daAuts
  Bailey: 796 daAuts
     D:2: 796 daAuts
     D:4: 710 daAuts
     D:1: 488 daAuts
  Temple: 55 daAuts
     D:7: 31 daAuts
